 Dungeon Crawl Stone Soup version 0.31-a0-771-g505c3d19dc (webtiles) character file.

Game seed: 9576178398586705958

132 Psyclone the Magician (level 5, -1/29 (31) HPs)
             Began as an Octopode Venom Mage on Sept 16, 2023.
             Slain by a gnoll
             ... wielding a +6 whip of draining
             ... led by a gnoll bouda
              (9 damage)
             ... on level 3 of the Dungeon.
             The game lasted 00:08:47 (3613 turns).

Psyclone the Magician (Octopode Venom Mage)         Turns: 3613, Time: 00:08:47

HP:   -1/29 (31)    AC:  1    Str:  8    XL:     5   Next: 15%
MP:   0/12          EV: 13    Int: 19    God:
Gold: 71            SH:  0    Dex: 12    Spells: 10/13 levels left

rFire   . . .        c - +1 dagger (vamp)
rCold   . . .        (no shield)
rNeg    . . .        (helmet restricted)
rPois   .            (no amulet)
rElec   .            d - ring of see invisible
rCorr   .            (no ring)
SInv    +            (no ring)
Will    .....        (no ring)
Stlth   +++          (no ring)
HPRegen 0.24/turn    (no ring)
MPRegen 0.13/turn    (no ring)
                     (no ring)

%: random rage (3%)
@: drained
A: almost no armour, amphibious, 8 rings, camouflage 1, gelatinous body 1,
(nimble swimmer 1), tentacles, berserk 1, wild magic 1
a: no special abilities


You were on level 3 of the Dungeon.
You visited 1 branch of the dungeon, and saw 4 of its levels.

You collected 148 gold pieces.
You spent 77 gold pieces at shops.

Inventory:

Hand Weapons
 c - a +1 vampiric dagger (weapon)
Missiles
 e - 2 throwing nets {!f}
Jewellery
 d - a ring of see invisible (left tentacle)
Scrolls
 f - a scroll of teleportation
 h - a scroll of noise
 i - a scroll of poison
Potions
 a - 2 potions of magic
 b - a potion of brilliance
 j - a potion of might


   Skills:
 - Level 2.0 Dodging
 - Level 2.6 Stealth
 + Level 4.8 Spellcasting
 - Level 1.0 Transmutations
 - Level 3.6 Poison Magic


You had 10 spell levels left.
You knew the following spells:

 Your Spells              Type           Power      Damage    Failure   Level
a - Poisonous Vapours     Pois/Air       28%        N/A       13%         2
b - Sting                 Tmut/Pois      68%        1d6       8%          1

Your spell library contained the following spells:

 Spells                   Type           Power      Damage    Failure   Level
 Mephitic Cloud           Conj/Pois/Air  11%        N/A       32%         3
 Olgreb's Toxic Radiance  Pois           23%        N/A       36%         4


Dungeon Overview and Level Annotations

Branches:
Dungeon (4/15) Zot: 20350
 Temple: D:4-7

Altars:
Wu Jian

Shops:
D:3 ?


Innate Abilities, Weirdness & Mutations

You cannot wear most types of armour.
You are amphibious.
You can wear up to eight rings at the same time.
Your skin changes colour to match your surroundings (Stealth+).
Your rubbery body absorbs attacks. (AC +1, EV +1)
((You are camouflaged when in or above water. (Stealth+)))
You have tentacles for arms and can constrict up to eight enemies at once.
You sometimes lose your temper in combat.
Your spells are a little harder to cast, but a little more powerful.


Message History

A gnoll bouda comes into view. It is wielding a +0 whip.
Casting: Poisonous Vapours (safe; 13% risk of failure)
Confirm with . or Enter, or press ? or * to list all spells.
Aiming: Poisonous Vapours (safe; 13% risk of failure)
Press: ? - help, Dir - move target, f - gnoll bouda, p - gnoll
Aim: a gnoll bouda, wielding a +0 whip and wearing a +0 leather armour (wandering, hasn't noticed you) Poisonous vapours surround the gnoll bouda!
The gnoll bouda is poisoned.
The gnoll bouda shouts!
You hear a shout!
The gnoll bouda calls upon its god to heal the gnoll.
The gnoll's wounds heal themselves!
You now have 1/12 mp.
The gnoll bouda barks out a call to the hunt!
The gnoll picks up the pace!
You completely miss the gnoll. You grab the gnoll. You squeeze the gnoll.
The gnoll is moderately wounded.
You constrict the gnoll.
The gnoll hits you with a +6 whip of draining!
You feel drained.
A gnoll comes into view. It is wielding a +0 spear.
The gnoll bouda barks out a call to the hunt!
You take 18 damage, and have 13/30 hp.
MASSIVE DAMAGE!!
You release your grip on the gnoll.
There is a stone staircase leading up here.
The gnoll barely misses you.
You climb upwards.
There is a stone staircase leading down here.
The gnoll hits you with a +6 whip of draining.
* * * LOW HITPOINT WARNING * * *
You feel drained.
* * * LOW HITPOINT WARNING * * *
You take 7 damage, and have 7/29 hp.
MASSIVE DAMAGE!!
Casting: Poisonous Vapours (safe; 13% risk of failure)
Confirm with . or Enter, or press ? or * to list all spells.
Aiming: Poisonous Vapours (safe; 13% risk of failure)
Press: ? - help, Dir - move target, f - gnoll
Aim: a gnoll, wielding a +6 whip of draining (severely wounded, covering ground quickly, poisoned) Poisonous vapours surround the gnoll!
The gnoll looks even sicker.
The gnoll hits you with a +6 whip of draining!
You die...

##################.#######.#.#
##.#.....................#.#.#
...#.############.######.#.#.#
##.#.# ########.# #.#.#.# .....#
#.....##.# #.#.#.#
##.#######.###.##.# #.#.#.#
.).........# #.##.# #.#.#.#
##.###########.##.######.#.#.####
#............>.g@........#.#....#
#.<.#########.#.#.########.#....#
#..............................รท.
#.#.#..##..##.###.########.#....#
#.#.#......#......#........#....#
...........................#.####
........................<..#.#
...................).......#.####
.................................


You could see a gnoll (swift, very poisoned).

Vanquished Creatures
  8 adders
  2 worms
  2 dart slugs (D:2)
  6 bats
  3 endoplasms
  2 giant cockroaches
  5 goblins
  6 hobgoblins
  2 jackals (D:1)
  2 quokkas
  3 ball pythons
  4 frilled lizards
  5 kobolds
  4 rats
54 creatures vanquished.

Notes
Turn   | Place    | Note
-------+----------+-------------------------------------------
     0 | D:1      | Psyclone the Octopode Venom Mage began the quest for the
                  | Orb.
     0 | D:1      | Reached XP level 1. HP: 11/11 MP: 3/3
   147 | D:1      | Reached XP level 2. HP: 11/17 MP: 1/5
   193 | D:1      | Learned a level 2 spell: Poisonous Vapours
   724 | D:1      | Reached skill level 3 in Spellcasting
  1045 | D:1      | Gained mutation: You sometimes lose your temper in combat.
                  | [potion of mutation]
  1045 | D:1      | Gained mutation: Your spells are a little harder to cast,
                  | but a little more powerful. [potion of mutation]
  1097 | D:2      | Reached XP level 3. HP: 21/21 MP: 2/7
  2191 | D:3      | Reached skill level 4 in Spellcasting
  2191 | D:3      | Reached XP level 4. HP: 27/27 MP: 5/10
  2578 | D:3      | Found Ziqoy's Magic Scroll Shop.
  2588 | D:3      | Bought a scroll of identify for 22 gold pieces
  2588 | D:3      | Bought a scroll of noise for 11 gold pieces
  2588 | D:3      | Bought a scroll of poison for 44 gold pieces
  3058 | D:3      | Reached XP level 5. HP: 20/31 MP: 4/12
  3557 | D:3      | Found an ornate altar of the Wu Jian Council.
  3613 | D:3      | Slain by a gnoll

Illustrated notes

Levels and vault maps discovered:
D:1:      ncdulo_watergridlock, layout_basic
D:2:      layout_loops_cross
D:3:      layout_basic, lemuel_tele_altar, serial_shops,
          nicolae_shop_gibbet_a_chance, minmay_misc_feat_diagonals,
          nicolae_half_adder
D:4:      layout_gridville, minmay_temple_entry_tees, uniq_natasha

Skill      XL: |  1  2  3 |
---------------+----------+-----
Spellcasting   | 3 4 |  4.8
Dodging        | |  2.0
Stealth        | |  2.6
Transmutations | |  1.0
Poison Magic   | |  3.6

Action                     |  1- 3 |  4- 6 || total
---------------------------+-------+-------++-------
  Melee: Unarmed           |    11 |       ||    11
         Constrict         |    12 |     7 ||    19
         Dagger            |    39 |    25 ||    64
         Tentacles         |     7 |     4 ||    11
   Cast: Sting             |     7 |       ||     7
         Poisonous Vapours |    36 |    34 ||    70
    Use: Scroll            |     5 |     2 ||     7
         Potion            |     2 |     2 ||     4
   Stab: Sleeping          |     5 |       ||     5
 Armour: Skin              |    21 |    17 ||    38
  Dodge: Dodged            |    35 |    22 ||    57

Table legend: (Time is in decaauts)
 A = Elapsed time spent in this place.
 B = Non-inter-level travel time spent in this place.
 C = Inter-level travel time spent in this place.
 D = Time resting spent in this place.
 E = Time spent auto-exploring this place.
 F = Levels seen in this place.
 G = Mean time per level.
                   A        B        C        D        E       F      G
               +--------+--------+--------+--------+--------+-----+--------+
         Total |   3648 |   3574 |     74 |    169 |   2924 |   4 |  912.0 |
       Dungeon |   3648 |   3574 |     74 |    169 |   2924 |   4 |  912.0 |
               +--------+--------+--------+--------+--------+-----+--------+

Top non-repeatable levels by time:
     D:3: 1427 daAuts
     D:2: 1120 daAuts
     D:1: 1089 daAuts
     D:4: 11 daAuts
